AoeStats
← TardySanguine

MegaRandom

507585004Analyzed
2v2 RM · 15d ago on Sep 18, 2026· 40m 21s· 4 players
Game mode
Random Map
Map size
Medium (4 player)
Population
200
Speed
Normal
Resources
Standard
Victory
Conquest
Starting age
Dark Age
Ending age
Imperial Age
RankedLock teamsTeams togetherTeam positionsShared explorationLock speedFull tech treeHidden civsTurbo modeCheats
Victory
Defeat
🇺🇦 Spanish · Ukraine
607
+13
🇺🇦 Slavs · Ukraine
607
+13
🇦🇷 Teutons · Argentina
559
-13
🇦🇺 Wei · Australia
533
-13
TardySanguine
4:19 Loom
11:56 Feudal Age
12:51 Double-Bit Axe
38:11 Castle Age
37:46 Horse Collar
Kingnach22
0:45 Loom
13:38 Feudal Age
14:56 Wheelbarrow
17:11 Man-at-Arms
19:44 Scale Mail Armor
19:54 Forging
22:41 Town Watch
23:19 Horse Collar
24:18 Double-Bit Axe
24:57 Arson
28:27 Padded Archer Armor
28:18 Fletching
32:21 Castle Age
30:16 Gold Mining
33:22 Hand Cart
33:03 Long Swordsman
33:37 Gambesons
34:12 Bow Saw
34:24 Heavy Plow
34:56 Squires
35:32 Leather Archer Armor
36:09 Stone Mining
35:46 Elite Skirmisher
36:39 Crossbowman
37:27 Pikeman
шавка
13:26 Feudal Age
13:29 Man-at-Arms
15:07 Scale Mail Armor
15:17 Forging
15:42 Horse Collar
17:10 Double-Bit Axe
18:32 Gold Mining
23:08 Stone Mining
24:11 Wheelbarrow
26:28 Castle Age
27:44 Pikeman
27:45 Long Swordsman
28:42 Bow Saw
28:34 Heavy Plow
28:55 Chain Mail Armor
29:15 Iron Casting
30:52 Iron Casting
30:16 Fletching
30:26 Padded Archer Armor
33:08 Stone Shaft Mining
33:11 Hand Cart
37:01 Thumb Ring
38:48 Ballistics
gangsta rap made me do it
12:30 Feudal Age
13:06 Man-at-Arms
19:07 Scale Barding Armor
19:02 Scale Mail Armor
19:48 Horse Collar
22:40 Gold Mining
23:21 Double-Bit Axe
27:56 Castle Age
26:10 Stone Mining
30:16 Gold Shaft Mining
29:03 Long Swordsman
30:01 Chain Mail Armor
29:56 Forging
33:38 Loom
34:28 Wheelbarrow
33:39 Town Watch
34:19 Bow Saw
34:11 Heavy Plow
34:57 Detinets
35:05 Detinets
35:32 Scale Barding Armor
36:03 Iron Casting
36:08 Town Patrol
36:23 Hand Cart
40:25 Imperial Age
39:28 Elite Skirmisher
Connection lost

Rejoining the realm…

Still unreachable

The connection could not be restored.

Session expired

The server has moved on; the page needs a fresh start.